 Dungeon Crawl Stone Soup version 0.21-a0-140-g479285b (webtiles) character file.

247 Ordine the Thaumaturge (level 5, 0/28 HPs)
             Began as a Deep Elf Wizard on July 20, 2017.
             Slain by Grinder (2 damage)
             ... while paralysed by Grinder
             ... on level 3 of the Dungeon.
             The game lasted 00:10:51 (2951 turns).

Ordine the Thaumaturge (Deep Elf Wizard)            Turns: 2951, Time: 00:10:51

Health: 0/28       AC:  2    Str:  4    XL:     5   Next: 85%
Magic:  17/28      EV:  2    Int: 24    God:
Gold:   148        SH:  0    Dex: 13    Spells: 14/23 levels left

rFire    . . .     SeeInvis .   f - +3 short sword
rCold    + . .     Gourm    .   (no shield)
rNeg     . . .     Faith    .   a - +0 robe
rPois    .         Spirit   .   b - +0 hat
rElec    .         Reflect  .   (no cloak)
rCorr    .         Harm     .   (no gloves)
MR       .....                  (no boots)
Stlth    ++........             (no amulet)
HPRegen  0.09/turn              e - ring of protection from cold
MPRegen  0.21/turn              r - ring of magical power

@: paralysed, very slightly contaminated
A: no striking features
a: no special abilities


You were on level 3 of the Dungeon.
You were not hungry.

You visited 1 branch of the dungeon, and saw 3 of its levels.

You collected 148 gold pieces.

Inventory:

Hand Weapons
 f - a +3 short sword (weapon)
Armour
 a - a +0 robe (worn)
 b - a +0 hat (worn)
Jewellery
 e - a ring of protection from cold (left hand)
 j - an uncursed ring of protection from cold
 r - a ring of magical power (right hand)
Wands
 g - a wand of digging (24/24)
Scrolls
 l - a scroll of remove curse
 n - a scroll of immolation
 q - a scroll of enchant armour
 s - a scroll of blinking
Potions
 h - 2 potions of lignification
 m - a potion of cancellation
 o - 2 potions of heal wounds
 p - a potion of curing
Books
 c - a book of Minor Magic

   Spells                             Type                      Level
   a - Magic Dart                     Conjuration                  1
   b - Blink                          Translocation                2
   c - Call Imp                       Summoning                    2
   d - Slow                           Hexes                        2
   e - Conjure Flame                  Conjuration/Fire             3
   f - Mephitic Cloud                 Conjuration/Poison/Air       3
Comestibles
 d - 4 bread rations
 k - 6 chunks of flesh


   Skills:
 + Level 9.1 Short Blades
 + Level 3.4 Dodging
 + Level 3.2 Stealth
 + Level 9.9 Spellcasting
 + Level 2.4 Conjurations
   Level 1.1 Summonings
 + Level 2.1 Translocations
 + Level 0.4 Fire Magic
 + Level 1.1 Air Magic


You had 14 spell levels left.
You knew the following spells:

 Your Spells              Type           Power        Failure   Level  Hunger
a - Magic Dart            Conj           ###.         1%          1    None
b - Blink                 Tloc           N/A          3%          2    None
c - Conjure Flame         Conj/Fire      ###.....     9%          3    None
d - Mephitic Cloud        Conj/Pois/Air  ###.....     10%         3    None


Dungeon Overview and Level Annotations

Branches:
Dungeon (3/15)

Altars:
Hepliaklqana

Annotations:
D:3 Grinder


Message History

Aiming: Magic Dart
Press: ? - help, Shift-Dir - straight line, f/p - Grinder
Aim: Grinder (almost dead)
The magic dart hits Grinder.
Grinder is almost dead.
Casting: Magic Dart
Confirm with . or Enter, or press ? or * to list all spells.
Aiming: Magic Dart
Press: ? - help, Shift-Dir - straight line, f/p - Grinder
Aim: Grinder (almost dead)
The magic dart hits Grinder.
Grinder is almost dead.
Grinder gestures at you.
You suddenly lose the ability to move!
Grinder hits you!
You writhe in agony.
* * * LOW HITPOINT WARNING * * *
Grinder hits you.
* * * LOW HITPOINT WARNING * * *
You writhe in agony.
You die...

,,,,,*,,.#.#.....<#######....#...
,,>,,,,,....................[....
**,,,,,,.........................
*,,,,,,.#.........#############.
**,,,,,,,#...........# #.....
,,,,,,,,*#.###......## #.....
,,,,,,,,...###......# #.....
,,,,,,,,...?........# #.....
,,,,,,,,,..###..@5..#### #..^..
,,,,,,,,,,,* ###.......# #....#
,,,,,,,,,,,* ##......# #....#
,,*,,,,,,,,* #......# ######
,,*,,,,,,,,* #......#
,,*,,,,,,,,* #......#
,,*,,,,***** #......# ,,******
#......# *** ########


You could see Grinder.

Vanquished Creatures
  Ijyb (D:2)
  2 adders
  4 worms
  A dart slug (D:3)
  2 leopard geckos (D:2)
  4 orcs
  A ball python (D:2)
  2 giant cockroaches
  7 goblins
  8 hobgoblins
  6 jackals
  2 quokkas
  7 bats
  7 frilled lizards
  10 kobolds
  8 rats
72 creatures vanquished.

Notes
Turn   | Place    | Note
-------+----------+-------------------------------------------
     0 | D:1      | Ordine the Deep Elf Wizard began the quest for the Orb.
     0 | D:1      | Reached XP level 1. HP: 10/10 MP: 7/7
   417 | D:1      | Reached XP level 2. HP: 15/15 MP: 7/9
   421 | D:1      | Learned a level 2 spell: Blink
  1058 | D:1      | Reached XP level 3. HP: 6/19 MP: 1/11
  1340 | D:2      | Found a hazy altar of Hepliaklqana.
  1510 | D:2      | Learned a level 3 spell: Conjure Flame
  1514 | D:2      | Learned a level 3 spell: Mephitic Cloud
  1651 | D:2      | Reached skill level 5 in Spellcasting
  1913 | D:3      | Noticed Ijyb
  1938 | D:2      | Killed Ijyb
  1938 | D:2      | Reached XP level 4. HP: 8/24 MP: 0/13
  2380 | D:3      | Reached skill level 1 in Air Magic
  2586 | D:3      | Found a faded altar of an unknown god.
  2711 | D:3      | Reached XP level 5. HP: 28/28 MP: 19/19
  2901 | D:3      | Noticed Grinder
  2949 | D:3      | Paralysed by Grinder for 6 turns
  2951 | D:3      | Slain by Grinder

Vault maps used:
D:1:      mrwooster_arrival_statue_2, minmay_misc_feat_diagonals
D:2:      marbit_many_paths, first_bread
D:3:      chequers_ecumenical_altar_simple_redux, uniq_grinder, uniq_robin,
          uniq_ijyb

Skill      XL: |  1  2  3  4 |
---------------+-------------+-----
Conjurations   | 2 |  2.4
Dodging        | 3 |  3.4
Spellcasting   | 5 9 |  9.9
Translocations | 2 |  2.1
Air Magic      | 1 |  1.1
Stealth        | 3 |  3.2
Short Blades   | 9 |  9.1
Summonings     | |  1.1
Fire Magic     | |  0.4

Action                   |  1- 3 |  4- 6 || total
-------------------------+-------+-------++-------
Melee: Short sword       |    25 |     3 ||    28
 Cast: Magic Dart        |   101 |    82 ||   183
       Mephitic Cloud    |     1 |     2 ||     3
       Conjure Flame     |       |     1 ||     1
  Use: Scroll            |    11 |     8 ||    19
       Potion            |       |     1 ||     1
 Stab: Confused          |     2 |       ||     2
  Eat: Chunk             |     3 |     3 ||     6
Armor: Robe              |     8 |     3 ||    11
Dodge: Dodged            |    42 |    10 ||    52
